Cogmind - Beta 13 @@@ ROGUE MODE // 2024.04.03 @ 23:04:42 Player: Sixten Result: Self-destructed Performance ------------- Evolutions (3) 1500 Regions Visited (9) 1800 Robots Destroyed (74) 370 Value Destroyed (1719) 1719 Prototype IDs (24) 480 Alien Tech Used (0) 0 Bonus (689) 689 TOTAL SCORE: 6558 Bonus ------- High Alert Combat Kills 11 Follower Combat Kills 35 Entered DSFs 500 Aligned with FarCom 300 Friendly Fire -157 Cogmind --------- Core Integrity 322/700 Matter 132/300 Energy 100/100 System Corruption 6% Temperature Cool (0) Movement Core (50) Location -7/DSF Parts ------- > --- POWER (2) -------- (None) > --- PROPULSION (4) --- (None) > --- UTILITY (4) ------ (None) > --- WEAPON (3) ------- (None) > --- INVENTORY (5) ---- Flight Unit Flight Unit Cesium-ion Thruster Xenon Bombardment Thruster Heavy Hammer Peak State ------------ > --- POWER ------------ Deuterium Engine Light Nuclear Core > --- PROPULSION ------- Cesium-ion Thruster Xenon Bombardment Thruster Xenon Bombardment Thruster Xenon Bombardment Thruster > --- UTILITY ---------- Weight Redist. System Terrain Scanner Reaction Control System Hacking Suite > --- WEAPON ----------- Chainsword > --- INVENTORY -------- Light Nuclear Core Flight Unit Flight Unit Cesium-ion Thruster Heavy Hammer [Rating: 35] Favorites ----------- Power Light Nuclear Core Engine Light Ion Engine Power Core Light Nuclear Core Propulsion Improved Treads Treads Improved Treads Wheel Compact Wheel Hover Unit Hover Unit Flight Unit Flight Unit Utility Large Storage Unit Device Tractor Beam Storage Large Storage Unit Hackware Hacking Suite Protection Medium Armor Plating Weapon Assault Rifle Energy Cannon Advanced Beam Cannon Ballistic Gun Assault Rifle Ballistic Cannon Heavy Assault Cannon Launcher Rocket Launcher Impact Weapon Hammer Slashing Weapon Chainsword Build | -11 -10 -10 -9 -9 -9 -8 -8 -7 -7 ------- Run | Yrd Mat Min Mat Min Exi Min Mat Fac DSF Slots Evolved 6 | . . . 2 . . . 2 2 . Power 1 | . . . . . . . . 1 . Propulsion 2 | . . . 2 . . . . . . Utility 2 | . . . . . . . 2 . . Weapon 1 | . . . . . . . . 1 . Parts Attached 50 | 6 4 . 16 2 . . 15 1 6 Power 7 | 1 1 . 1 . . . 2 1 1 Engine 3 | 1 . . 1 . . . 1 . . Core 4 | . 1 . . . . . 1 1 1 Reactor . | . . . . . . . . . . Propulsion 19 | 2 . . 8 . . . 5 . 4 Treads 8 | 2 . . 6 . . . . . . Leg . | . . . . . . . . . . Wheel 1 | . . . 1 . . . . . . Hover 2 | . . . 1 . . . 1 . . Flight 8 | . . . . . . . 4 . 4 Utility 10 | 1 2 . 2 1 . . 4 . . Device 4 | . 1 . . . . . 3 . . Storage 2 | 1 1 . . . . . . . . Processor . | . . . . . . . . . . Hackware 1 | . . . . . . . 1 . . Protection 3 | . . . 2 1 . . . . . Artifact . | . . . . . . . . . . Weapon 14 | 2 1 . 5 1 . . 4 . 1 Energy Gun . | . . . . . . . . . . Energy Cannon 3 | . . . 3 . . . . . . Ballistic Gun 3 | 2 1 . . . . . . . . Ballistic Cannon 3 | . . . 2 1 . . . . . Launcher 1 | . . . . . . . 1 . . Special Weapon . | . . . . . . . . . . Impact Weapon 3 | . . . . . . . 3 . . Slashing Weapon 1 | . . . . . . . . . 1 Piercing Weapon . | . . . . . . . . . . Special Melee Weapon . | . . . . . . . . . . Unidentified Prototypes 1 | . . . 1 . . . . . . Parts Lost 24 | . 2 . 9 2 . . . . 11 Power 5 | . 1 . 2 . . . . . 2 Propulsion 8 | . . . 3 1 . . . . 4 Utility 5 | . . . 2 . . . . . 3 Weapon 6 | . 1 . 2 1 . . . . 2 Highest Loss Streak 11 | . 2 . 2 4 . . . . 11 To Critical Strikes . | . . . . . . . . . . Average Slot Usage (%) 81 | . 89 100 83 66 66 66 75 92 74 Engine 3 | . 2 . 5 . . . . 7 5 Core 5 | . 10 14 3 . . . 5 7 6 Treads 26 | . 28 28 29 33 33 33 . . . Wheel 2 | . . . 5 . . . . . . Hover 1 | . . . 1 . . . 5 . . Flight 1 | . . . . . . . 16 30 23 Device 5 | . 9 14 . . . . 22 23 19 Storage 10 | . 14 14 11 11 11 11 3 . . Protection 5 | . . . 8 11 11 11 . . . Energy Cannon 3 | . . . 8 . . . . . . Ballistic Gun 8 | . 23 28 3 . . . . . . Ballistic Cannon 4 | . . . 4 11 11 11 . . . Naked Turns 4 | . . . . . . . . . 4 Heaviest Build 42 | 14 29 29 42 39 39 39 39 22 22 Greatest Support 92 | 40 40 40 92 92 69 69 69 26 29 Greatest Overweight (x) 9 | . . . 9 . . . 9 . 1 Average Overweight (x) . | . . . . . . . . . . Largest Inventory Capacity 15 | 8 15 15 15 15 15 15 15 5 5 Average Capacity 13 | 7 12 15 15 15 15 15 8 5 5 Most Carried 15 | 2 12 12 15 14 14 14 15 2 5 Average Carried 11 | 1 8 12 14 13 13 14 4 2 4 Final Capacity 15 | 8 15 15 15 15 15 15 5 5 5 Final Carried 15 | 2 12 12 15 14 14 14 3 2 5 Class Distribution -------------------- 79% | Mutant 13% | Scavenger-Mutant 6% | Scavenger-Scout Dominant Class ---------------- Mutant | -10/Materials Mutant | -10/Mines Mutant | -9/Materials Mutant | -9/Mines Mutant | -9/Exiles Mutant | -8/Mines Scavenger-Scout | -8/Materials Scavenger-Scout | -7/Factory Mutant | -7/DSF Resources | -11 -10 -10 -9 -9 -9 -8 -8 -7 -7 ----------- Run | Yrd Mat Min Mat Min Exi Min Mat Fac DSF Matter Collected 1578 | 195 327 . 751 46 . 48 202 . 9 Remotely 144 | . 110 . 34 . . . . . . Salvage Created 2001 | . 508 . 1017 26 . 91 315 . 44 Parts 151 | . 31 . 88 4 . 6 17 . 5 Haulers Intercepted 7 | . 2 . 5 . . . . . . Recyclers Shooed . | . . . . . . . . . . Parts Field Recycled . | . . . . . . . . . . Retrieved Matter . | . . . . . . . . . . Parts Self-Destructed . | . . . . . . . . . . Prevented . | . . . . . . . . . . Kills | -11 -10 -10 -9 -9 -9 -8 -8 -7 -7 ------- Run | Yrd Mat Min Mat Min Exi Min Mat Fac DSF Combat Hostiles Destroyed 45 | . 5 . 23 4 . 2 10 . 1 Guns 10 | . 5 . 5 . . . . . . Cannons 24 | . . . 18 4 . 2 . . . AOE 11 | . . . . . . . 10 . 1 Classes Destroyed 13 | . 7 . 4 . . . 1 . 1 Worker 2 | . . . 2 . . . . . . Builder 8 | . 2 . 4 . . . 2 . . Tunneler 2 | . 1 . 1 . . . . . . Hauler 7 | . 2 . 5 . . . . . . Recycler 2 | . 1 . 1 . . . . . . Mechanic 1 | . . . . . . . 1 . . Operator 2 | . 1 . 1 . . . . . . Watcher 4 | . 1 . 2 . . . 1 . . Swarmer 12 | . . . 8 4 . . . . . Cutter 1 | . . . . . . . . . 1 Grunt 21 | . 5 . 6 . . 2 8 . . Duelist 3 | . . . 1 . . . 2 . . Sentry 9 | . . . 8 . . . 1 . . Best Kill Streak 7 | . 3 . 4 4 . 2 7 . 1 Combat Bots Only 4 | . 3 . 4 4 . 2 4 . 1 Max Kills in Single Turn 2 | . 1 . 2 1 . 1 2 . 1 Gunslinging . | . . . . . . . . . . Exploded 2 | . . . . . . . 2 . 1 Melee . | . . . . . . . . . . Uniques/NPCs Destroyed . | . . . . . . . . . . Combat | -11 -10 -10 -9 -9 -9 -8 -8 -7 -7 -------- Run | Yrd Mat Min Mat Min Exi Min Mat Fac DSF Hostile Shots Fired 367 | . 81 . 199 27 . 3 11 . 46 Missed 103 | . 22 . 50 11 . 1 5 . 14 Damage Taken 3657 | . 769 . 1769 127 . 39 168 . 785 Core 983 | . 197 . 335 13 . 20 40 . 378 Absorbed by Shields 28 | . . . . . . . . . 28 Core Remaining (%) 55 | 100 . 21 . . . 8 92 . . Volleys Fired 219 | . 57 . 131 8 . 3 18 . 2 Largest 2 | . 2 . 2 1 . 1 1 . 1 Hottest 136 | . 40 . 136 60 . 60 33 . 33 Shots Fired 290 | . 87 . 172 8 . 3 18 . 2 Gun 130 | . 87 . 43 . . . . . . Cannon 140 | . . . 129 8 . 3 . . . Launcher 20 | . . . . . . . 18 . 2 Special . | . . . . . . . . . . Kinetic 210 | . 87 . 112 8 . 3 . . . Thermal 60 | . . . 60 . . . . . . Explosive 20 | . . . . . . . 18 . 2 Electromagnetic . | . . . . . . . . . . Robot Hit Streak 17 | . 11 . 17 4 . 7 3 . . Robot Miss Streak 5 | . 4 . 5 1 . . 2 . . Penetration Max 1 | . . . 1 . . . . . . Secondary Targets . | . . . . . . . . . . Shots Hit Robots 177 | . 56 . 98 6 . 3 14 . . Core Hits 105 | . 24 . 40 3 . 2 29 . 7 Critical Kills 1 | . . . 1 . . . . . . Critical Parts Destroyed . | . . . . . . . . . . Critical Strikes 7 | . . . 6 . . 1 . . . Destroy 1 | . . . 1 . . . . . . Blast 6 | . . . 5 . . 1 . . . Melee Attacks 30 | . . . . . . . 29 . 1 Impact 29 | . . . . . . . 29 . . Slashing 1 | . . . . . . . . . 1 Piercing . | . . . . . . . . . . Sneak Attacks 3 | . . . . . . . 3 . . Combat Hostiles . | . . . . . . . . . . Follow-up Attacks . | . . . . . . . . . . Damage Inflicted 5905 | . 672 . 3099 280 . 150 1443 . 261 Guns 935 | . 652 . 283 . . . . . . Cannons 3243 | . . . 2813 280 . 150 . . . Explosions 1484 | . . . . . . . 1257 . 227 Melee 186 | . . . . . . . 186 . . Ramming 57 | . 20 . 3 . . . . . 34 Kinetic 3664 | . 652 . 2582 280 . 150 . . . Thermal 514 | . . . 514 . . . . . . Explosive 1484 | . . . . . . . 1257 . 227 Electromagnetic . | . . . . . . . . . . Impact 186 | . . . . . . . 186 . . Slashing . | . . . . . . . . . . Piercing . | . . . . . . . . . . Highest Corruption 6 | . . . 1 1 1 1 . . 6 Average Corruption 1 | . . . 1 1 1 1 . . 5 Corruption Purged . | . . . . . . . . . . Corruption Blocked . | . . . . . . . . . . Effects 14 | . . . 7 3 2 1 . . 1 Message Errors 3 | . . . 1 . . 1 . . 1 Matter Fused 1 | . . . 1 . . . . . . Heat Flow Errors 2 | . . . . 1 1 . . . . Energy Discharges 3 | . . . 2 1 . . . . . Data Loss (minor) 3 | . . . 1 1 1 . . . . Misfires 1 | . . . 1 . . . . . . Weapon Failures 1 | . . . 1 . . . . . . Overload Shots . | . . . . . . . . . . Overflow Damage 363 | . . . 239 54 . . 70 . . Projectiles 293 | . . . 239 54 . . . . . Explosions 8 | . . . . . . . 8 . . Melee 62 | . . . . . . . 62 . . Knockbacks 4 | . . . 4 . . . . . . Impact . | . . . . . . . . . . Kinetic 4 | . . . 4 . . . . . . Secondary . | . . . . . . . . . . Self-Inflicted Damage 105 | . . . . . . . 76 . 29 Shots 3 | . . . . . . . 3 . . Rammed 7 | . 3 . 2 . . . . . 2 Targets Rammed 8 | . 4 . 2 . . . . . 2 Kicked . | . . . . . . . . . . Crushed 1 | . 1 . . . . . . . . Highest Temperature 624 | . 85 . 624 202 100 29 25 1 . Average Temperature 92 | . 17 . 110 46 54 13 8 1 . Received Heat Transfer 918 | . 468 . 342 . . 18 72 . 18 Effects 6 | . . . 6 . . . . . . Energy Bleed 1 | . . . 1 . . . . . . Short Circuit 1 | . . . 1 . . . . . . Damage (minor) 1 | . . . 1 . . . . . . Damage (major) 1 | . . . 1 . . . . . . Damage (core) 2 | . . . 2 . . . . . . Siege Activations . | . . . . . . . . . . Robots Corrupted . | . . . . . . . . . . Combat Hostiles . | . . . . . . . . . . Parts Fried 4 | . . . . . . . 4 . . Impact Corruptions 2 | . . . . . . . 2 . . Robots Melted . | . . . . . . . . . . Combat Hostiles . | . . . . . . . . . . Parts Melted . | . . . . . . . . . . Heat Transferred 925 | . . . 925 . . . . . . Parts Sabotaged . | . . . . . . . . . . Parts Stolen . | . . . . . . . . . . Parts Stripped . | . . . . . . . . . . Power Chain Reactions . | . . . . . . . . . . Alert | -11 -10 -10 -9 -9 -9 -8 -8 -7 -7 ------- Run | Yrd Mat Min Mat Min Exi Min Mat Fac DSF Peak Influence 414 | . 142 21 275 155 . 77 414 97 88 Initial 97 | . . 21 7 82 . . 29 97 67 Average 95 | . 31 21 140 147 . 75 96 97 59 Maximum Alert Level 2 | . . . 1 . . . 2 . . Low Security (%) 78 | 100 100 100 60 100 . 100 79 100 100 Level 1 20 | . . . 40 . . . 18 . . Level 2 . | . . . . . . . 1 . . Level 3 . | . . . . . . . . . . Level 4 . | . . . . . . . . . . Level 5 . | . . . . . . . . . . High Security . | . . . . . . . . . . Max Security . | . . . . . . . . . . Squads Dispatched 7 | . 2 . 1 . . . 1 . 3 Investigation . | . . . . . . . . . . Extermination . | . . . . . . . . . . Reinforcement 7 | . 2 . 1 . . . 1 . 3 Assault . | . . . . . . . . . . Garrison . | . . . . . . . . . . Intercept . | . . . . . . . . . . Searches Triggered . | . . . . . . . . . . Construction Impeded 1 | . . . . . . . 1 . . Haulers Reinforced . | . . . . . . . . . . Active Scanning Responses . | . . . . . . . . . . Cargo Convoy Interrupts . | . . . . . . . . . . Stealth | -11 -10 -10 -9 -9 -9 -8 -8 -7 -7 --------- Run | Yrd Mat Min Mat Min Exi Min Mat Fac DSF Distress Signals 6 | . 2 . 3 . . . 1 . . Communications Jammed . | . . . . . . . . . . Distress Signals . | . . . . . . . . . . Times Spotted 80 | . 13 . 38 5 . 5 11 . 8 Peak Tracking Total 8 | . 5 . 5 4 . 3 4 . 8 Tactical Retreats 3 | . . . 2 . . . . . 1 Traps | -11 -10 -10 -9 -9 -9 -8 -8 -7 -7 ------- Run | Yrd Mat Min Mat Min Exi Min Mat Fac DSF Traps Triggered 3 | . . . 1 . . . . . 2 Indirectly . | . . . . . . . . . . Trap Hack Attempts . | . . . . . . . . . . Triggered . | . . . . . . . . . . Disarmed . | . . . . . . . . . . Reprogrammed . | . . . . . . . . . . Reused . | . . . . . . . . . . Traps Extracted . | . . . . . . . . . . Installed . | . . . . . . . . . . Triggered . | . . . . . . . . . . Machines | -11 -10 -10 -9 -9 -9 -8 -8 -7 -7 ---------- Run | Yrd Mat Min Mat Min Exi Min Mat Fac DSF Machines Disabled 1 | . . . . . . . 1 . . Max in Single Turn 1 | . . . . . . . 1 . . Machines Repaired . | . . . . . . . . . . Machines Dismantled . | . . . . . . . . . . Machines Sabotaged . | . . . . . . . . . . Overloaded Fab Kills . | . . . . . . . . . . Hacking | -11 -10 -10 -9 -9 -9 -8 -8 -7 -7 --------- Run | Yrd Mat Min Mat Min Exi Min Mat Fac DSF Machines Accessed 2 | . . . . . 1 . . 1 . Terminals 1 | . . . . . . . . 1 . Fabricators . | . . . . . . . . . . Repair Stations . | . . . . . . . . . . Recycling Units . | . . . . . . . . . . Scanalyzers . | . . . . . . . . . . Garrison Access . | . . . . . . . . . . Total Hacks 3 | . . . . . 1 . . 2 . Successful 2 | . . . . . 1 . . 1 . Failed 1 | . . . . . . . . 1 . Catastrophic . | . . . . . . . . . . Database Lockouts . | . . . . . . . . . . Manual 1 | . . . . . 1 . . . . Terminals 2 | . . . . . . . . 2 . Fabricators . | . . . . . . . . . . Repair Stations . | . . . . . . . . . . Recycling Units . | . . . . . . . . . . Scanalyzers . | . . . . . . . . . . Garrison Access . | . . . . . . . . . . Terminal Hacks 2 | . . . . . 1 . . 1 . Open DSF 1 | . . . . . . . . 1 . Derelict Proto ID Bank 1 | . . . . . 1 . . . . Fabricator Hacks . | . . . . . . . . . . Repair Station Hacks . | . . . . . . . . . . Recycling Unit Hacks . | . . . . . . . . . . Scanalyzer . | . . . . . . . . . . Garrison Access Hacks . | . . . . . . . . . . Unauthorized Hacks . | . . . . . . . . . . Terminals . | . . . . . . . . . . Fabricators . | . . . . . . . . . . Repair Stations . | . . . . . . . . . . Recycling Units . | . . . . . . . . . . Scanalyzers . | . . . . . . . . . . Garrison Access . | . . . . . . . . . . Data Cores Recovered . | . . . . . . . . . . Used . | . . . . . . . . . . Hacking Detections 1 | . . . . . . . . 1 . Full Trace Events . | . . . . . . . . . . Feedback Events . | . . . . . . . . . . Feedback Blocked . | . . . . . . . . . . Robot Schematics Acquired . | . . . . . . . . . . Robots Built . | . . . . . . . . . . Authchips . | . . . . . . . . . . Time . | . . . . . . . . . . Total Robot Build Rating . | . . . . . . . . . . Part Schematics Acquired . | . . . . . . . . . . Parts Built . | . . . . . . . . . . Authchips . | . . . . . . . . . . Time . | . . . . . . . . . . Total Part Build Rating . | . . . . . . . . . . Parts Repaired . | . . . . . . . . . . Time . | . . . . . . . . . . Parts Recycled . | . . . . . . . . . . Recycled Matter . | . . . . . . . . . . Retrieved Matter . | . . . . . . . . . . Retrieved Components . | . . . . . . . . . . Parts Scanalyzed . | . . . . . . . . . . Part Schematics Acquired . | . . . . . . . . . . Parts Damaged . | . . . . . . . . . . Bothacking | -11 -10 -10 -9 -9 -9 -8 -8 -7 -7 ------------ Run | Yrd Mat Min Mat Min Exi Min Mat Fac DSF Used RIF Installer . | . . . . . . . . . . Robots Hacked . | . . . . . . . . . . Non-combat . | . . . . . . . . . . Combat . | . . . . . . . . . . Robot Hacks Applied . | . . . . . . . . . . Relay Couplers Released . | . . . . . . . . . . Fabnet Peak Effective % . | . . . . . . . . . . Robots Rewired . | . . . . . . . . . . Allies Hacked . | . . . . . . . . . . Hacks Repelled . | . . . . . . . . . . Allies | -11 -10 -10 -9 -9 -9 -8 -8 -7 -7 -------- Run | Yrd Mat Min Mat Min Exi Min Mat Fac DSF Total Allies 3 | . . . . 3 . . . . . Largest Group 3 | . . . . 3 2 2 2 1 . Highest-Rated Group 40 | . . . . 40 24 24 24 8 . Highest-Rated Ally 16 | . . . . 16 16 16 16 8 . Total Orders . | . . . . . . . . . . Ally Attacks 17 | . . . . 7 . 7 3 . . Total Damage 222 | . . . . 94 . 93 35 . . Kills 3 | . . . . 2 . 1 . . . Allies Corrupted . | . . . . . . . . . . Allies Melted . | . . . . . . . . . . Intel | -11 -10 -10 -9 -9 -9 -8 -8 -7 -7 ------- Run | Yrd Mat Min Mat Min Exi Min Mat Fac DSF Robot Analysis Total . | . . . . . . . . . . Derelict Logs Recovered . | . . . . . . . . . . Drone Launches . | . . . . . . . . . . Drone Recoveries . | . . . . . . . . . . Exploration | -11 -10 -10 -9 -9 -9 -8 -8 -7 -7 ------------- Run | Yrd Mat Min Mat Min Exi Min Mat Fac DSF Turns Passed 4784 | 131 1158 125 2035 174 525 128 421 15 72 Spaces Moved 2725 | 79 596 79 936 95 328 76 411 46 79 Core 37 | 5 . . 5 . . . 26 . 1 Treads 2174 | 74 596 79 923 95 328 76 3 . . Legs . | . . . . . . . . . . Wheels 7 | . . . 7 . . . . . . Hover 4 | . . . 1 . . . 3 . . Flight 503 | . . . . . . . 379 46 78 Fastest Speed 28 | 50 160 160 115 160 160 160 31 31 28 Average Speed 145 | 153 160 160 176 160 160 160 63 31 36 Slowest Speed 500 | 160 160 160 500 160 160 160 500 31 114 Overloaded Moves . | . . . . . . . . . . Propulsion Burnouts . | . . . . . . . . . . Robots Hopped . | . . . . . . . . . . Cave-ins Triggered . | . . . . . . . . . . Exploration Rate (%) 31 | 7 53 14 65 14 62 20 29 1 51 Regions Visited 9 Branch Regions 4 Pre-discovered Areas 1 | . . 1 . . . . . . . Known Exits Taken 1 | . . . . . . . . 1 . Unknown Exits Taken 8 | 1 1 1 1 1 1 1 1 . . Scrap Searched . | . . . . . . . . . . Spaces Dug 20 | . . . 2 . . . 17 . 1 Terrain Destroyed 152 | . . . 36 3 . . 106 . 7 Melee 18 | . . . . . . . 17 . 1 Projectile 39 | . . . 36 3 . . . . . AOE 95 | . . . . . . . 89 . 6 Terrain Rammed 4 | . . . . . . . . . 4 Walls Destroyed . | . . . . . . . . . . Machines Disabled . | . . . . . . . . . . Actions | -11 -10 -10 -9 -9 -9 -8 -8 -7 -7 --------- Run | Yrd Mat Min Mat Min Exi Min Mat Fac DSF Total 3173 | 86 713 78 1115 106 329 78 506 46 116 Wait 66 | . 42 . 12 . . . 12 . . Move 2716 | 78 595 78 935 94 327 75 410 45 79 Hop . | . . . . . . . . . . Pick Up 28 | 2 11 . 7 1 1 . 4 . 2 Fast Attach 30 | 6 2 . 11 . . . 8 . 3 Attach 12 | . 1 . 2 2 . . 5 1 1 Detach 7 | . . . 3 1 . . 3 . . Swap 8 | . 1 . 3 . . . 2 . 2 Drop 26 | . . . 9 . 1 . 15 . 1 Fire 219 | . 57 . 131 8 . 3 18 . 2 Melee 30 | . . . . . . . 29 . 1 Ram 6 | . . . . . . . . . 6 Kick . | . . . . . . . . . . Crush 6 | . 4 . 2 . . . . . . Escape Stasis 19 | . . . . . . . . . 19 Rewire . | . . . . . . . . . . Trap . | . . . . . . . . . . Miscellaneous . | . . . . . . . . . . Route ------- -11/Scrapyard -10/Materials (discovered 2 exits: *Mat / [*Min]) -10/Mines -9/Materials (discovered 5 exits: [*Mat x2] / [*Min] / [*Sto x2]) -9/Mines -9/Exiles (discovered 2 exits: [*Min x2]) -8/Mines -8/Materials -7/Factory -7/DSF History --------- Turn | Location | Event 13 | -11/Scrapyard | Discovered new exit (range 14) 132 | -11/Scrapyard | Entered Materials 304 | -10/Materials | Build established: Mutant 371 | -10/Materials | Core integrity fell below 50% 432 | -10/Materials | Discovered new exit (range 14) 638 | -10/Materials | Discovered new exit (range 7) 1290 | -10/Materials | Entered Mines 1386 | -10/Mines | Discovered new exit (range 9) 1389 | -10/Mines | Learned location of Storage (-9) 1415 | -10/Mines | Entered Materials 1415 | -9/Materials | Evolved 2 slots: Propulsion x2 1665 | -9/Materials | Discovered new exit (range 7) 1883 | -9/Materials | Build established: Scavenger-Mutant 2156 | -9/Materials | Discovered new exit (range 7) 2385 | -9/Materials | Build established: Mutant 2821 | -9/Materials | Discovered new exit (range 12) 3326 | -9/Materials | Discovered new exit (range 11) 3375 | -9/Materials | Discovered new exit (range 16) 3429 | -9/Materials | Core integrity fell below 50% 3444 | -9/Materials | Core integrity fell below 20% 3450 | -9/Materials | Entered Mines 3483 | -9/Mines | Lost 4 parts (1p1n1u1w) 3571 | -9/Mines | Assembled infested the area 3600 | -9/Mines | Assisted by bots powering up and referring to "LRC-V3" 3613 | -9/Mines | Deemed a non-threat by the Exiles lab entrance 3615 | -9/Mines | Discovered new exit (range 5) 3624 | -9/Mines | Entered Exiles 3624 | -9/Exiles | Accompanied by 2 allies 3669 | -9/Exiles | Discovered new exit (range 15) 3692 | -9/Exiles | Met 8R-AWN 3725 | -9/Exiles | Met EX-HEX 3821 | -9/Exiles | Met EX-BIN 3848 | -9/Exiles | Aligned with FarCom system 3850 | -9/Exiles | Given EX-Vault access code 3898 | -9/Exiles | Opened EX-Vault 3959 | -9/Exiles | Warned to stay clear of 0b10 Research branches 4013 | -9/Exiles | Met EX-DEC 4124 | -9/Exiles | Discovered new exit (range 12) 4149 | -9/Exiles | Entered Mines 4149 | -8/Mines | Accompanied by 2 allies 4251 | -8/Mines | Discovered new exit (range 10) 4277 | -8/Mines | Entered Materials 4277 | -8/Materials | Accompanied by 2 allies 4277 | -8/Materials | Evolved 2 slots: Utility x2 4675 | -8/Materials | Discovered new exit (range 14) 4698 | -8/Materials | Entered Factory 4698 | -7/Factory | Accompanied by 1 ally 4698 | -7/Factory | Evolved 2 slots: Power x1, Weapon x1 4713 | -7/Factory | Identified exit to DSF 4713 | -7/Factory | Entered DSF 4739 | -7/DSF | Build established: Scavenger-Scout 4739 | -7/DSF | Additional patrols routed to DSF 4784 | -7/DSF | Core integrity fell below 50% 4785 | -7/DSF | Self-destructed Last Messages --------------- 04778_ Chainsword destroyed. 04779_ Slammed into Wall. 04779_ Destabilizing: System interference. 04779_ Weight Redist. System temporarily disabled. 04779_ Destabilizing: Core damaged (-35). 04779_ Xenon Bombardment Thruster severed. 04780_ Slammed into Wall. 04780_ Weight Redist. System broken. 04780_ Destabilizing: Short circuit. 04780_ Broken Weight Redist. System severed. 04781_ Slammed into Wall. 04781_ Hacking Suite destroyed. 04781_ System corrupted by crushing effect (+4). 04781_ Destabilizing: Core damaged (-14). 04782_ Slammed into Wall. 04782_ Destabilizing: System corrupted (+2). 04783_ Acquired 8 matter. 04783_ Slammed into C-17 Slicer. 04785_ NIFVS1ZWS2K4QIUG16MTHT8VH3QLF#RHKZ Map ----- +----------------------------------------------------+ | ???????????????????????????????????????????????? | | ???????????????????????????????????????????????? | | ???????????????????????????????????????????????? | | ???????????????????????????????????????????????? | | ???????????????????????????????????????????????? | | ???????????????????????????????????????????????? | | ???????????????????????????????????????????????? | | ???????????????????????????????????????????????? | | ???????????????????????????????????????????????? | | ???????????????????????????????????????????????? | | ????????????????????# #??????????????????????? | | ????????????????????! !??????????????????????? | | ????????????????????! !??????????????????????? | | ?????#??????????????! !??????????????????????? | | ????######??######?## #??????????????????????? | | ????#// #? #! !## ##?????????????????????? | | ????#// ## # !% #?????? ??????????????? | | ????#// ! ?????????????????????? | | ????#// ?????????????????????? | | ????#/ / ??????????????????????? | | ????# ##!!!#??? #%= ??????????????????????? | | ????# / #????? ????#aH #??????????????????????? | | ?#??### ###????#?### g###????????????????????? | | ?#???# ==#??????#!! g !!#????????????????????? | | ?????# ==#?#???##!! !cc##???????????????????? | | ?????#= ==#??????#!! =%c@c#???????????????????? | | ?????## ###??????### x####???????????????????? | | ??#??#= #??????# #????????????????????? | | ?????#= #??????# #????????????????????? | | ?????## *########## #????????????????????? | | ????### ### =#===### ###????????????????????? | | ??###"" ## # ==### ###????????????????????? | | ??""""" #????????????????????? | | ??"##"" #????????????????????? | | #???#"""""##==# # #????????????????????? | | ????#"""""######### #????????????????????? | | ?#??####"##???????#########????????????????????? | | #??????#"#???????????????#?????????????????????? | | ??#????""#?????????????????????????????????????? | | ???????##??????????????????????????????????????? | | ???????????????????????????????????????????????? | | ??#????????????????????????????????????????????? | | ???????????????????????????????????????????????? | | ???????????????????????????????????????????????? | | | | | | | | | | | | | +----------------------------------------------------+ Best States ------------- Heat Dissipation 34 Energy Generation 23 Energy Capacity 335 Matter Stores 300 Matter Capacity 300 Sight Range 16 Terrain Scan Range 14 Terrain Scan Density 10 Additional Mass Support 6 Armor Coverage 225 Evasion (%) 72 Recoil Reduction 4 Offensive Hacking 10 Item Schematics ----------------- None Robot Schematics ------------------ None Fabricated ------------ Nothing Alien Tech Used ----------------- None Achievements -------------- Close Call Challenges ------------ None Game ------ Seed QuantumDeuteriumTerrabomb Manual? 0 Play Time 00:35:30 Cumulative 11.3 hours Start 2024.04.03 @ 22:31:02 End 2024.04.03 @ 23:04:42 Sessions 1 Manual Loads 0 Difficulty Rogue Special Mode None Game No. 49 Rogue 49 Adventurer 0 Explorer 0 Win Type - Total 0 Types 0/0/0/0/0/0/0/0/0 Lore% 9 Gallery% 15 Achievement% 14 Wizard Run 0 Options --------- Layout 1 ASCII 0 Keyboard 1 Movement Arrows Keybinds 0 Fullscreen 1 Font 24/Smallcaps Map View 50x35 Zoom Use 0% Tactical HUD 1 Map Filters NONE Filters NONE Steam 1 RUN: 09a997fc-1af5-4360-a9e8-47751d36b2f9